 Dungeon Crawl Stone Soup version 0.27-a0-684-g359e429f13 (webtiles) character file.

Game seed: 12644664259090406476

1070 Gaff the Slinger (level 8, -2/39 (51) HPs)
             Began as a Halfling Hunter on Mar 20, 2021.
             Was an Initiate of Gozag.
             Slain by Edmund
             ... wielding a +4 vorpal flail
              (9 damage)
             ... on level 5 of the Dungeon.
             The game lasted 00:33:42 (10579 turns).

Gaff the Slinger (Halfling Hunter)                 Turns: 10579, Time: 00:33:42

HP:   -2/39 (51)    AC:  4    Str: 13    XL:     8   Next: 53%
MP:   8/8           EV: 17    Int:  9    God:    Gozag
Gold: 814           SH:  0    Dex: 20    Spells: 7/7 levels left

rFire    . . .     SeeInvis .   t - +0 morningstar (holy)
rCold    . . .     Faith    .   (shield restricted)
rNeg     . . .     Spirit   .   c - +0 leather armour
rPois    +         Reflect  .   (no helmet)
rElec    .         Harm     .   (no cloak)
rCorr    .         Rampage  .   k - +0 pair of gloves {Dex+3}
Will     .....                  (no boots)
Stlth    +++.......             (no amulet)
HPRegen  0.13/turn              j - ring of poison resistance
MPRegen  0.11/turn              y - ring of wizardry

@: about to teleport, heavily drained
A: small, no large weapons, mutation resistance 1
a: Renounce Religion, Potion Petition, Call Merchant, Bribe Branch


You were on level 5 of the Dungeon.
You worshipped Gozag.
Gozag was pleased with you.
You visited 1 branch of the dungeon, and saw 6 of its levels.
You also visited: Ossuary.

You collected 823 gold pieces.
You paid 9 gold pieces to Gozag.

Inventory:

Hand Weapons
 a - a +1 hunting sling
 b - a +0 short sword
 f - a +0 club
 g - a +0 dagger of holy wrath
 m - a +0 rapier
 q - a +0 short sword
 t - a +0 morningstar of holy wrath (weapon)
Missiles
 d - 17 sling bullets
 e - 93 stones (quivered)
 x - 13 poisoned darts
Armour
 c - a +0 leather armour (worn)
 k - a +0 pair of gloves of dexterity (worn)
 s - a +0 helmet
Jewellery
 j - a ring of poison resistance (right hand)
 y - a ring of wizardry (left hand)
Wands
 u - a wand of digging (1)
 A - a wand of iceblast (7)
Scrolls
 h - a scroll of blinking
 i - a scroll of fog
 C - a scroll of teleportation
 D - a scroll of immolation {unknown}
 E - a scroll of random uselessness {unknown}
Potions
 l - 2 potions of haste
 n - a potion of flight {unknown}
 o - a potion of attraction {unknown}
 p - a potion of might {unknown}
 r - 3 potions of heal wounds
 v - a potion of resistance
 w - a potion of degeneration
 z - a potion of cancellation
 B - a potion of curing {unknown}


   Skills:
 + Level 2.8 Fighting
 - Level 3.1 Short Blades
 + Level 10.8 Slings
 + Level 5.7 Dodging
 - Level 3.4 Stealth


You had 7 spell levels left.
You didn't know any spells.
Your spell library contained the following spells:

 Spells                   Type           Power      Damage    Failure   Level
 Magic Dart               Conj           0%         1d3       21%         1
 Blink                    Tloc           N/A        N/A       30%         2
 Call Imp                 Summ           0%         N/A       30%         2
 Searing Ray              Conj           0%         3d3       30%         2
 Slow                     Hex            0%         N/A       30%         2
 Conjure Flame            Conj/Fire      0%         6-21      50%         3
 Dazzling Flash           Conj/Hex       0%         N/A       50%         3
 Mephitic Cloud           Conj/Pois/Air  0%         N/A       50%         3
 Fulminant Prism          Conj/Hex       0%         3d6       87%         4
 Iskenderun's Mystic Bla  Conj/Tloc      0%         2d3       87%         4


Dungeon Overview and Level Annotations

Branches:
Dungeon (6/15)            Ossuary (visited)
 Temple: D:4-7

Altars:
Fedhas
Gozag
Nemelex Xobeh
Ru
Yredelemnul
Zin
The Shining One

Portals:
Abyss: D:5

Annotations:
D:5 2 transporters, Edmund; celly00's ghost, amateur HOFi


Innate Abilities, Weirdness & Mutations

You are small and have problems with some larger weapons.
You are somewhat resistant to further mutation.


Message History

It was a potion of heal wounds.
You feel much better. The wight barely misses you.
Your +0 dagger of holy wrath stops glowing.
Your +0 morningstar of holy wrath softly glows with a divine radiance!
t - a +0 morningstar of holy wrath (weapon)
You barely miss the wight.
The wight is moderately damaged.
The wight completely misses you.
The wight hits you with a +0 long sword.
You feel drained.
You hit the wight.
The wight convulses.
The wight is heavily damaged.
The wight barely misses you.
You barely miss the wight.
The wight is heavily damaged.
The wight hits you with a +0 long sword!
The wight misses you.
You barely miss the wight.
The wight is heavily damaged.
The wight hits you with a +0 long sword!
* * * LOW HITPOINT WARNING * * *
You feel drained.
* * * LOW HITPOINT WARNING * * *
You closely miss the wight.
The wight is heavily damaged.
The wight hits you with a +0 long sword.
* * * LOW HITPOINT WARNING * * *
You feel drained.
* * * LOW HITPOINT WARNING * * *
The wight closely misses you.
There is a stone staircase leading down here.
There is a stone staircase leading down here.
Celly00's ghost turns its malevolent gaze towards you.
The wight closely misses you.
Edmund shouts!
As you read the scroll labelled VAWNOMAZYME, it crumbles to dust.
You feel strangely unstable.
It was a scroll of teleportation.
The wight completely misses you. Edmund hits you with a +4 vorpal flail!
You die...
Your body crumbles into a pile of gold.

#......####..###.##5####.##..##
#.....## ##......###..###...#
#....### ##.#...............##
.......####.#####.....##.###..##
..[.........# #....###.......#
...#........## ##...# ####..#..#
...##...###..####....# .###..
##.....## #....##z..## .# ##
#....## ##...@@...# ## # ##..##
##.......# # ##.# #..#####.## ##
#.# ##.## ##.## #. #.# #.## ##.#
#. #.# ### #.# #. ### ##[# #..
#.## #.# ### ##


You could see Edmund and a wight.

Vanquished Creatures
  Menkaure (D:5)
  An ogre (D:4)
  2 centaurs (D:5)
  A scorpion (D:4)
  A howler monkey (D:5)
  A wight (D:6)
  A hound (D:5)
  A bullfrog skeleton (D:4)
  Terence (D:1)
  Ijyb (D:3)
  2 iguanas
  2 orc wizards
  4 worker ants
  A mummy (Ossuary)
  3 gnolls
  7 adders
  2 shadow imps (D:5)
  3 worms
  A dart slug (D:3)
  5 leopard geckos
  10 orcs
  A spectral bat (Ossuary)
  5 bats
  A bat simulacrum (Ossuary)
  4 giant cockroaches
  12 gnoll zombies (Ossuary)
  11 goblins
  6 hobgoblins
  8 jackals (D:4)
  4 quokkas
  6 frilled lizards
  3 goblin simulacra (Ossuary)
  A goblin zombie (Ossuary)
  10 hobgoblin zombies (Ossuary)
  5 kobolds
  2 kobold simulacra (Ossuary)
  2 kobold zombies (Ossuary)
  A leopard gecko skeleton (D:5)
  5 orc zombies (Ossuary)
  A quokka skeleton (D:5)
  A quokka zombie (D:5)
  9 rats
  4 rat simulacra (Ossuary)
  4 spectral goblins (Ossuary)
  A spectral kobold (Ossuary)
158 creatures vanquished.

Notes
Turn   | Place    | Note
-------+----------+-------------------------------------------
     0 | D:1      | Gaff the Halfling Hunter began the quest for the Orb.
     0 | D:1      | Reached XP level 1. HP: 14/14 MP: 1/1
    86 | D:1      | Reached skill level 6 in Slings
   462 | D:1      | Reached XP level 2. HP: 6/19 MP: 2/2
  1700 | D:2      | Reached XP level 3. HP: 24/24 MP: 3/3
  2175 | D:2      | Noticed Terence
  2655 | D:2      | Reached XP level 4. HP: 29/29 MP: 4/4
  2800 | D:2      | Reached skill level 7 in Slings
  2913 | D:2      | Found a sacrificial altar of Ru.
  3298 | D:3      | Found an opulent altar of Gozag.
  3316 | D:3      | Became a worshipper of Gozag Ym Sagoz the Greedy
  3360 | D:3      | Reached XP level 5. HP: 23/34 MP: 5/5
  3679 | D:3      | Found a glowing silver altar of Zin.
  3781 | D:3      | Found a faded altar of an unknown god.
  3812 | D:3      | Noticed Ijyb
  3842 | D:3      | Killed Ijyb
  4746 | D:3      | Reached skill level 8 in Slings
  4746 | D:3      | Reached XP level 6. HP: 33/39 MP: 6/6
  5647 | D:4      | Reached skill level 1 in Short Blades
  5860 | D:4      | Noticed an ogre
  6034 | D:4      | Reached XP level 7. HP: 39/45 MP: 7/7
  6185 | D:4      | Identified a scroll of acquirement
  6188 | D:4      | Acquired a +0 pair of gloves of dexterity
  6247 | D:4      | Reached skill level 9 in Slings
  6593 | D:5      | Entered Level 5 of the Dungeon
  6638 | D:5      | Found a transporter.
  6643 | D:5      | Found a one-way gate to the infinite horrors of the Abyss.
  6643 | D:5      | Noticed celly00's ghost (amateur HOFi)
  6648 | D:5      | Found a transporter.
  6664 | D:5      | Noticed Menkaure
  6678 | D:5      | Killed Menkaure
  7353 | D:5      | Found a glowing golden altar of the Shining One.
  7463 | D:5      | Reached skill level 10 in Slings
  7463 | D:5      | Reached skill level 5 in Dodging
  7463 | D:5      | Reached XP level 8. HP: 6/50 MP: 8/8
  7822 | D:5      | Noticed Edmund
  8114 | D:1      | Killed Terence
  8496 | D:5      | Found a basalt altar of Yredelemnul.
  8497 | D:5      | Found a sparkling altar of Nemelex Xobeh.
  8506 | D:5      | Found a blossoming altar of Fedhas.
  8888 | D:5      | Noticed a small abomination
  9247 | D:6      | Found a sand-covered staircase.
  9255 | Ossuary  | Entered an ossuary
 10532 | D:5      | HP: 1/39 [wight/+0 long sword (2)]
 10579 | D:5      | Slain by Edmund

Illustrated notes

Levels and vault maps discovered:
D:1:      dpeg_arrival_radiant, layout_basic, chequers_mini_garden
D:2:      layout_loops_ring, lemuel_statue_altar, uniq_terence
D:3:      layout_basic, zin_statuary, lemuel_round_altar,
          chequers_ecumenical_altar_simple, kennysheep_generic_room_6, uniq_ijyb
D:4:      layout_loops_corners
D:5:      layout_layer_cave, nicolae_tso_swordbearing_angel,
          chequers_temple_overflow_statue_of_worship,
          gammafunk_ghost_abyssal_escape, kennysheep_doodads, uniq_menkaure,
          uniq_edmund
D:6:      layout_rooms, enter_ossuary_2, uniq_crazy_yiuf_cottage, uniq_sigmund

Skill      XL: |  1  2  3  4  5  6  7 |
---------------+----------------------+-----
Slings         | 6 7 8 10 | 10.8
Stealth        | 2 3 |  3.4
Dodging        | 3 4 5 |  5.7
Fighting       | 2 |  2.8
Short Blades   | 1 3 |  3.1

Action                   |  1- 3 |  4- 6 |  7- 9 || total
-------------------------+-------+-------+-------++-------
Melee: Short sword       |    95 |   145 |   140 ||   380
       Morningstar       |       |    19 |     5 ||    24
       Dagger            |       |       |   151 ||   151
 Fire: Hunting sling     |    17 |   153 |    64 ||   234
  Use: Scroll            |       |     1 |     6 ||     7
       Potion            |       |       |     2 ||     2
 Stab: Sleeping          |     5 |     2 |    12 ||    19
Armor: Leather armour    |    31 |    31 |    32 ||    94
Dodge: Dodged            |    78 |   154 |   201 ||   433

Table legend: (Time is in decaauts)
 A = Elapsed time spent in this place.
 B = Non-inter-level travel time spent in this place.
 C = Inter-level travel time spent in this place.
 D = Time resting spent in this place.
 E = Time spent auto-exploring this place.
 F = Levels seen in this place.
 G = Mean time per level.
                   A        B        C        D        E       F      G
               +--------+--------+--------+--------+--------+-----+--------+
         Total |  10510 |   9969 |    541 |   3725 |   2141 |   7 | 1501.4 |
       Dungeon |   9629 |   9088 |    541 |   3526 |   2016 |   6 | 1604.8 |
       Ossuary |    880 |    880 |      0 |    199 |    125 |   1 |  880.0 |
               +--------+--------+--------+--------+--------+-----+--------+

Top non-repeatable levels by time:
     D:1: 2261 daAuts
     D:5: 2230 daAuts
     D:4: 1843 daAuts
     D:3: 1767 daAuts
     D:2: 1387 daAuts
 Ossuary: 880 daAuts
     D:6: 139 daAuts
